 Dungeon Crawl Stone Soup version 0.31-a0-233-g139696dc86 (webtiles) character file.

Game seed: 16681364692480693060

63 qw the Shooter (level 3, -4/29 HPs)
             Began as a Minotaur Hexslinger on July 8, 2023.
             Slain by a gnoll
             ... wielding a +0 halberd
              (6 damage)
             ... on level 2 of the Dungeon.
             The game lasted 00:00:31 (1229 turns).

qw the Shooter (Minotaur Hexslinger)                Turns: 1229, Time: 00:00:31

Health: -4/29      AC:  4    Str: 12    XL:     3   Next: 87%
Magic:  3/3        EV: 17    Int: 10    God:
Gold:   54         SH:  0    Dex: 14    Spells: 3/4 levels left

rFire   . . .        Y - +1 sling
rCold   . . .        (no shield)
rNeg    . . .        j - +0 leather armour
rPois   .            (helmet restricted)
rElec   .            (no cloak)
rCorr   .            f - +0 pair of gloves
SInv    .            (no boots)
Will    .....        (no amulet)
Stlth   +            g - +5 ring of evasion
HPRegen 0.24/turn    (no ring)
MPRegen 0.08/turn

%: no passive effects
@: no status effects
A: horns 2, retaliatory headbutt
a: no special abilities


You were on level 2 of the Dungeon.
You visited 1 branch of the dungeon, and saw 2 of its levels.

You collected 54 gold pieces.


Innate Abilities, Weirdness & Mutations

You have a pair of horns on your head.
You reflexively headbutt those who attack you in melee.


   Skills:
 - Level 2.0 Fighting
 + Level 4.4 Ranged Weapons
 - Level 2.1 Dodging
 - Level 1.0 Spellcasting
 - Level 2.0 Hexes


You had 3 spell levels left.
You knew the following spells:

 Your Spells              Type           Power      Damage    Failure   Level
a - Slow                  Hex            16%        N/A       19%         1

Your spell library contained the following spells:

 Spells                   Type           Power      Damage    Failure   Level
 Inner Flame              Hex/Fire       2%         N/A       65%         3
 Portal Projectile        Hex/Tloc       4%         N/A       65%         3
 Cause Fear               Hex            2%         N/A       88%         4

Inventory:

Hand Weapons
 Y - a +1 sling (weapon)
Armour
 f - a +0 pair of gloves (worn)
 j - a +0 leather armour (worn)
Jewellery
 g - a +5 ring of evasion (left hand)
Potions
 a - a potion of enlightenment {unknown}
 b - a potion of mutation {unknown}
 d - a potion of heal wounds {unknown}
 e - a potion of attraction {unknown}
 h - a potion of brilliance {unknown}
 i - a potion of lignification {unknown}
 m - 2 potions of curing {unknown}

Dungeon Overview and Level Annotations

Branches:
Dungeon (2/15)

Altars:


Message History

The gnoll misses you. The gnoll closely misses you. The gnoll misses you.
You shoot a sling bullet.
The sling bullet barely misses the gnoll.
The sling bullet hits the gnoll but does no damage.
The gnoll barely misses you.
The gnoll throws a poisoned dart.
The poisoned dart barely misses you.
You shoot a sling bullet.
The sling bullet barely misses the gnoll.
The gnoll hits you from afar with a +0 halberd!
The gnoll hits you but does no damage. The gnoll misses you. x2
The gnoll barely misses you. The gnoll closely misses you.
You shoot a sling bullet. The sling bullet hits the gnoll.
You kill the gnoll!
The gnoll completely misses you. The gnoll barely misses you.
You shoot a sling bullet. The sling bullet hits the gnoll.
The gnoll is lightly wounded.
The gnoll hits you from afar with a +0 halberd.
The gnoll completely misses you.
You shoot a sling bullet.
The sling bullet hits the gnoll but does no damage.
The gnoll is lightly wounded.
The gnoll misses you.
The gnoll throws a poisoned dart.
The poisoned dart barely misses you.
You shoot a sling bullet.
The sling bullet barely misses the gnoll.
The gnoll closely misses you. The gnoll barely misses you.
You shoot a sling bullet. The sling bullet hits the gnoll.
The gnoll is moderately wounded.
The gnoll closely misses you.
The gnoll hits you from afar with a +0 halberd.
You shoot a sling bullet.
The sling bullet closely misses the gnoll.
The gnoll closely misses you.
The gnoll hits you from afar with a +0 halberd!
You shoot a sling bullet. The sling bullet hits the gnoll!
The gnoll is almost dead.
The gnoll closely misses you.
The gnoll throws a poisoned dart.
The poisoned dart barely misses you.
The gnoll hits you from afar with a +0 halberd.
You die...

.##......... ###.##........
#.# #.###.#.## ## #.# #.#
.#...#.## #)# #.# #.#......#
#.###.###.#......####
###.##.........gg.....
.%.........).......#
###.##.##.#.##..@).# #....#
#.#.#.#.#.####.### #..#.#
...###..#.####.# #..#.# ##.#
##.#......# #..#.# #.##
##..###### #..#.# ##.##
##.#.######## #..#.#
#._###...........# #..#.##
###.#.#.#)#..###.#.####.....#
.....%.##.#.## ##.......##..#


You could see 2 gnolls.

Vanquished Creatures
  2 gnolls (D:2)
  6 ball pythons
  4 bats
  5 endoplasms
  2 giant cockroaches
  4 goblins (D:2)
  3 hobgoblins (D:1)
  2 jackals (D:2)
  A quokka (D:1)
  2 frilled lizards
  2 kobolds (D:2)
  7 rats
40 creatures vanquished.

Notes
Turn   | Place    | Note
-------+----------+-------------------------------------------
     0 | D:1      | qw the Minotaur Hexslinger began the quest for the Orb.
     0 | D:1      | Reached XP level 1. HP: 16/16 MP: 1/1
     0 | D:1      | 0 ||| qw: Version: 0.3-a-46-gb1f654a
     0 | D:1      | 0 ||| qw: Game counter: 3739
     0 | D:1      | 0 ||| qw: Melee chars always use a shield: true
     0 | D:1      | 0 ||| qw: God list: Okawaru
     0 | D:1      | 0 ||| qw: Allow faded altars: false
     0 | D:1      | 0 ||| qw: Do Orc after clearing Dungeon:15 true
     0 | D:1      | 0 ||| qw: Do second Lair branch before Depths: true
     0 | D:1      | 0 ||| qw: Lair rune preference: random
     0 | D:1      | 0 ||| qw: Goals: Normal
     0 | D:1      | 0 ||| PLANNING D:1-11
   211 | D:1      | Reached skill level 3 in Ranged Weapons
   211 | D:1      | Reached XP level 2. HP: 23/23 MP: 2/2
   793 | D:1      | 793 ||| UPGRADING to +0 pair of gloves.
   798 | D:1      | 798 ||| UPGRADING to +0 leather armour.
   808 | D:1      | 808 ||| DROPPING +0 robe.
   809 | D:1      | 809 ||| UPGRADING to +5 ring of evasion.
   810 | D:1      | 810 ||| READING scroll labelled GUL KAEXIZXISI.
   811 | D:1      | 811 ||| READING scroll labelled JEHIOG NINU.
   812 | D:1      | 812 ||| DROPPING scroll of poison.
   950 | D:2      | Reached XP level 3. HP: 27/29 MP: 3/3
  1002 | D:2      | Found a faded altar of an unknown god.
  1141 | D:2      | Reached skill level 4 in Ranged Weapons
  1228 | D:2      | HP: 1/29 [gnoll/+0 halberd (9)]
  1229 | D:2      | Slain by a gnoll

Levels and vault maps discovered:
D:1:      elethiomel_arrival_infinity_welcomes_careful_drivers, layout_basic
D:2:      layout_loops_ring, basic_ecumenical_altar

Skill      XL: |  1  2  3 |
---------------+----------+-----
Ranged Weapons | 3 4 |  4.4
Fighting       | 2 |  2.0
Dodging        | |  2.1
Spellcasting   | |  1.0
Hexes          | |  2.0

Action                     || total
---------------------------++-------
   Fire: Sling             ||   137
    Use: Scroll            ||     2
 Armour: Robe              ||    11
         Leather armour    ||     8
  Dodge: Dodged            ||    64

Table legend:
 A = Non-vault XP
 B = Vault XP
 C = Vault XP percentage of total XP
 D = Non-vault monster count
 E = Vault monster count
 F = Vault count percentage of total count
                 A         B        C        D         E       F
            +---------+---------+-------+---------+---------+-------
      Total |      90 |       0 |   0.0 |      40 |       0 |   0.0
            +---------+---------+-------+---------+---------+-------
        D:1 |      31 |       0 |   0.0 |      19 |       0 |   0.0
        D:2 |      59 |       0 |   0.0 |      21 |       0 |   0.0
            +---------+---------+-------+---------+---------+-------
